 Dungeon Sprint DCSS version 0.26-a0-665-gefeb406119 (webtiles) character file.

Game seed: 9142924979838895391

1204 jesuscristo the Geomancer (level 8, -3/55 HPs)
             Began as a Gargoyle Earth Elementalist on Oct 14, 2020.
             Was a Follower of Vehumet.
             Slain by a deep troll (13 damage)
             ... in the Dungeon (Sprint I: "Red Sonja").
             The game lasted 00:05:02 (825 turns).

jesuscristo the Geomancer (GrEE)                     Turns: 825, Time: 00:05:02

Health: -3/55      AC: 15    Str: 12    XL:     8   Next: 45%
Magic:  7/22       EV: 10    Int: 18    God:    Vehumet [*.....]
Gold:   230        SH:  4    Dex: 10    Spells: 12/27 levels left

rFire    . . .     SeeInvis .   c - +2 dagger (drain)
rCold    . . .     Faith    .   k - +0 buckler
rNeg     + . .     Spirit   .   h - +0 ring mail
rPois    ∞         Reflect  .   (no helmet)
rElec    +         Harm     .   (no cloak)
rCorr    .         Rampage  .   (no gloves)
MR       .....     NoTele   +   j - +2 pair of boots {Stlth+}
Stlth    ++........             (no amulet)
HPRegen  0.18/turn              (no ring)
MPRegen  0.18/turn              (no ring)

@: no status effects
A: negative energy resistance 1, electricity resistance, unbreathing,
petrification resistance, rot immunity, AC +5
a: Renounce Religion


You were in the Dungeon.
You worshipped Vehumet.
Vehumet was aware of your devotion.
You visited 1 branch You collected 674 gold pieces.
You spent 444 gold pieces at shops.

Inventory:

Hand Weapons
 c - a +2 dagger of draining (weapon)
Missiles
 b - 27 stones (quivered)
 l - 4 curare-tipped darts
Armour
 h - a +0 ring mail (worn)
 j - a +2 pair of boots of stealth (worn)
 k - a +0 buckler (worn)
Wands
 a - a wand of flame (9)
Scrolls
 i - a scroll of blinking
 m - a scroll of summoning {unknown}
Potions
 d - 3 potions of curing
 e - a potion of heal wounds
 f - a potion of haste
 g - 2 potions of magic


   Skills:
 * Level 8.5 Fighting
 * Level 5.8 Armour
 - Level 1.5 Dodging
 - Level 2.1 Stealth
 - Level 4.0 Shields
 - Level 10.0 Spellcasting
 * Level 7.9 Conjurations
 - Level 0.8 Transmutations
 - Level 10.0 Earth Magic


You had 12 spell levels left.
You knew the following spells:

 Your Spells              Type           Power        Failure   Level
a - Sandblast             Erth           #####.       1%          1
b - Stone Arrow           Conj/Erth      #####.       1%          3
c - Lee's Rapid Deconstr  Erth           #####.....   8%          5
d - Passwall              Tmut/Erth      ####....     2%          2
e - Petrify               Tmut/Erth      ####....     17%         4

Your spell library contained the following spells:

 Spells                   Type           Power        Failure   Level
 Foxfire                  Conj/Fire      ###.         3%          1


Dungeon Overview and Level Annotations

Branches:
Dungeon (1/1)

Altars:
Cheibriados
Dithmenos
Elyvilon
Fedhas
Gozag
Hepliaklqana
Kikubaaqudgha
Makhleb
Nemelex Xobeh
Okawaru
Qazlal
Ru
Sif Muna
Trog
Uskayaw
Vehumet
Wu Jian
Xom
Yredelemnul
Zin
The Shining One
Jiyva
Lugonu

Shops:
D *[


Innate Abilities, Weirdness & Mutations

You are resistant to torment.
Your stone body is resilient. (AC +5)
You are immune to poison.
You resist negative energy. (rN+)
You are resistant to electric shocks. (rElec)
You can survive without breathing.
You are immune to petrification.
You are immune to rotting.


Message History

Unknown command.
Casting: Stone Arrow (safe; 1% risk of failure)
Confirm with . or Enter, or press ? or * to list all spells.
Aiming: Stone Arrow (safe; 1% risk of failure)
Press: ? - help, Shift-Dir - straight line, f/p - deep troll
Aim: a deep troll (severely wounded)
The stone arrow misses the deep troll.
The deep troll bites you!
* * * LOW HITPOINT WARNING * * *
The deep troll claws you.
* * * LOW HITPOINT WARNING * * *
You block the deep troll's attack.
Casting: Stone Arrow (safe; 1% risk of failure)
Confirm with . or Enter, or press ? or * to list all spells.
Aiming: Stone Arrow (safe; 1% risk of failure)
Press: ? - help, Shift-Dir - straight line, f/p - deep troll
Aim: a deep troll (severely wounded)
The stone arrow hits the deep troll.
The deep troll is severely wounded.
The deep troll bites you!
You die...

#..#####'#####'#__#
#..####..#...#.# ##
#..#__####..##.#
#..#_____##'#_.+
#⌠⌠#_.∩...÷..†_#
####_..__##_.#'#
#..#_____###'#[#
############.####+###
#∩........'...@T$.$$+
###++++####...#######
###.### #.#'#.#
#.....# #...(.#
#######


You could see a deep troll.

Vanquished Creatures
  Sonja (D)
  A slime creature (D)
  A yak (D)
  Sigmund (D)
  An ogre (D)
  A jelly (D)
  Ijyb (D)
7 creatures vanquished.

Vanquished Creatures (others)
  A gargoyle (D)
  2 ballistomycete spores (D)
3 creatures vanquished.

Grand Total: 10 creatures vanquished

Notes
Turn   | Place    | Note
-------+----------+-------------------------------------------
     0 | D        | jesuscristo the Gargoyle Earth Elementalist began the quest
                  | for the Orb.
     0 | D        | Reached XP level 1. HP: 10/10 MP: 3/3
     2 | D        | Noticed Ijyb
    15 | D        | Killed Ijyb
    15 | D        | Reached XP level 2. HP: 7/15 MP: 0/5
    15 | D        | Reached XP level 3. HP: 9/19 MP: 0/6
    62 | D        | Learned a level 3 spell: Stone Arrow
    75 | D        | Killed a gargoyle
   233 | D        | Noticed an ogre
   237 | D        | Killed an ogre
   237 | D        | Reached XP level 4. HP: 16/27 MP: 2/9
   366 | D        | Noticed Sigmund
   369 | D        | Killed Sigmund
   369 | D        | Reached skill level 10 in Earth Magic
   369 | D        | Reached XP level 5. HP: 26/34 MP: 4/14
   369 | D        | Reached XP level 6. HP: 30/39 MP: 4/16
   456 | D        | Learned a level 5 spell: Lee's Rapid Deconstruction
   459 | D        | Learned a level 2 spell: Passwall
   508 | D        | Found a shimmering blue altar of Sif Muna.
   509 | D        | Found an ornate altar of the Wu Jian Council.
   511 | D        | Found a radiant altar of Vehumet.
   518 | D        | Became a worshipper of Vehumet
   557 | D        | Found Jaojosh's Antique Armour Emporium.
   557 | D        | Found an ancient bone altar of Kikubaaqudgha.
   557 | D        | Found a hazy altar of Hepliaklqana.
   557 | D        | Found a stormy altar of Qazlal.
   557 | D        | Found a hide-covered altar of Uskayaw.
   557 | D        | Found a blossoming altar of Fedhas.
   557 | D        | Found a bloodstained altar of Trog.
   557 | D        | Found an iron altar of Okawaru.
   557 | D        | Found a basalt altar of Yredelemnul.
   557 | D        | Found a glowing golden altar of the Shining One.
   557 | D        | Found a snail-covered altar of Cheibriados.
   557 | D        | Found a sacrificial altar of Ru.
   557 | D        | Found a glowing silver altar of Zin.
   557 | D        | Found a shadowy altar of Dithmenos.
   557 | D        | Found a white marble altar of Elyvilon.
   557 | D        | Noticed a yak
   561 | D        | Killed a yak
   561 | D        | Reached skill level 5 in Fighting
   561 | D        | Reached skill level 5 in Conjurations
   561 | D        | Reached XP level 7. HP: 33/45 MP: 11/19
   562 | D        | Found an opulent altar of Gozag.
   563 | D        | Found a sparkling altar of Nemelex Xobeh.
   638 | D        | Bought a pair of glowing boots for 165 gold pieces
   638 | D        | Bought a buckler for 99 gold pieces
   660 | D        | Found a burning altar of Makhleb.
   660 | D        | Found a viscous altar of Jiyva.
   660 | D        | Found a shimmering altar of Xom.
   660 | D        | Found a corrupted altar of Lugonu.
   660 | D        | Noticed a slime creature
   664 | D        | Killed a slime creature
   705 | D        | Noticed Sonja
   726 | D        | Killed Sonja
   726 | D        | Reached * piety under Vehumet
   726 | D        | Offered knowledge of Foxfire by Vehumet.
   726 | D        | Reached skill level 5 in Armour
   726 | D        | Reached skill level 10 in Spellcasting
   726 | D        | Reached XP level 8. HP: 55/55 MP: 17/22
   736 | D        | Learned a level 4 spell: Petrify
   767 | D        | Found Qoiff's Assorted Antiques.
   775 | D        | Bought a slimy robe for 153 gold pieces
   775 | D        | Bought a scroll labeled WOP GIPPAK for 27 gold pieces
   775 | D        | Identified the +1 robe of Disappointment {rC- Str+5 Dex+4}
                  | (You bought it in a shop in the Dungeon)
   819 | D        | Noticed a deep troll
   825 | D        | Slain by a deep troll

Illustrated notes

Levels and vault maps discovered:
D:        dungeon_sprint_1 [red_sonja_temple_1, red_sonja_temple_small_1]

Skill      XL: |  1  2  3  4  5  6  7 |
---------------+----------------------+-----
Earth Magic    | 7 9 10 | 10.0
Fighting       | 2 4 5 8 |  8.5
Spellcasting   | 3 7 8 10 | 10.0
Conjurations   | 2 4 5 7 |  7.9
Armour         | 2 5 |  5.8
Shields        | 4 |  4.0
Dodging        | |  1.5
Stealth        | |  2.1
Transmutations | |  0.8

Action                   |  1- 3 |  4- 6 |  7- 9 || total
-------------------------+-------+-------+-------++-------
Melee: Unarmed           |     9 |       |       ||     9
 Cast: Sandblast         |     6 |     5 |     5 ||    16
       Passwall          |       |     3 |       ||     3
       Stone Arrow       |       |     2 |     7 ||     9
  Use: Potion            |     1 |       |       ||     1
       Scroll            |       |       |     1 ||     1
Armor: Robe              |     1 |       |       ||     1
       Ring mail         |       |     1 |     5 ||     6
Dodge: Dodged            |     7 |       |     1 ||     8
Block: Buckler           |       |       |     1 ||     1

Table legend: (Time is in decaauts)
 A = Elapsed time spent in this place.
 B = Non-inter-level travel time spent in this place.
 C = Inter-level travel time spent in this place.
 D = Time resting spent in this place.
 E = Time spent auto-exploring this place.
 F = Levels seen in this place.
 G = Mean time per level.
                   A        B        C        D        E       F      G
               +--------+--------+--------+--------+--------+-----+--------+
         Total |    832 |    824 |      8 |    464 |     94 |   1 |  832.0 |
       Dungeon |    832 |    824 |      8 |    464 |     94 |   1 |  832.0 |
               +--------+--------+--------+--------+--------+-----+--------+

Top non-repeatable levels by time:
       D: 832 daAuts
